 Dungeon Crawl Stone Soup version 0.30-a0-241-g1121274140 (webtiles) character file.

Game seed: 6136969095406681361

1171 Ekaitz the Firebug (level 8, -6/56 HPs)
             Began as a Demonspawn Fire Elementalist on Oct 10, 2022.
             Mangled by an orc warrior
             ... wielding a +0 battleaxe
              (18 damage)
             ... on level 6 of the Dungeon.
             The game lasted 00:11:00 (6087 turns).

Ekaitz the Firebug (Demonspawn Fire Elementalist)   Turns: 6087, Time: 00:11:01

Health: -6/56      AC:  5    Str:  9    XL:     8   Next: 18%
Magic:  0/13       EV: 12    Int: 18    God:
Gold:   239        SH:  0    Dex: 14    Spells: 4/13 levels left

rFire   + . .      SeeInvis .    x - +2 dagger (venom)
rCold   . . .      Faith    .    (no shield)
rNeg    . . .      Spirit   .    H - +2 robe {rF+}
rPois   .          Reflect  .    (no helmet)
rElec   .          Harm     .    z - +0 cloak
rCorr   .          Rampage  .    (no gloves)
Will    .....                    (no boots)
Stlth   ++........               (no amulet)
HPRegen 0.29/turn                p - ring of flight
MPRegen 0.13/turn                (no ring)

@: flying
A: hooves 2, foul stench 2, weakness stinger 2
a: no special abilities


You were on level 6 of the Dungeon.
You visited 1 branch of the dungeon, and saw 6 of its levels.

You collected 239 gold pieces.

Inventory:

Hand Weapons
 i - a +0 short sword of draining
 q - the +5 morningstar of the Whale {holy, +Blink Will++ Int+4 Dex+3}
   (You found it on level 2 of the Dungeon)

   It has been blessed by the Shining One to cause great damage to the undead
   and demons.
   Int:       It affects your intelligence (+4).
   Dex:       It affects your dexterity (+3).
   +Blink:    It lets you blink.
   Will:      It greatly increases your willpower.
 x - a +2 dagger of venom (weapon)
 C - a +4 rapier
Missiles
 g - 4 poisoned darts
 r - 4 javelins
 s - a throwing net
Armour
 z - a +0 cloak (worn)
 H - a +2 robe of fire resistance (worn)
Jewellery
 p - a ring of flight (left hand)
Scrolls
 c - 10 scrolls of identify {unknown}
 e - a scroll of poison {unknown}
 f - 4 scrolls of fog {unknown}
 k - 3 scrolls of enchant armour {unknown}
 m - 2 scrolls of magic mapping {unknown}
 t - 2 scrolls of enchant weapon {unknown}
 v - 4 scrolls of noise {unknown}
 y - 3 scrolls of immolation {unknown}
 A - a scroll of brand weapon {unknown}
 B - a scroll of blinking {unknown}
 D - 2 scrolls of teleportation {unknown}
 G - a scroll of vulnerability {unknown}
Potions
 b - 2 potions of magic
 d - 3 potions of curing {unknown}
 h - 2 potions of attraction {unknown}
 j - a potion of mutation {unknown}
 l - 2 potions of brilliance {unknown}
 n - 4 potions of degeneration {unknown}
 o - a potion of flight {unknown}
 u - a potion of might {unknown}
 w - a potion of cancellation {unknown}
 E - 2 potions of berserk rage {unknown}
 F - a potion of heal wounds {unknown}


   Skills:
 + Level 1.8 Fighting
 + Level 2.0 Short Blades
 + Level 2.3 Dodging
 + Level 3.2 Stealth
 + Level 3.4 Spellcasting
 + Level 2.4 Conjurations
 * Level 2.7 Hexes
 * Level 2.8 Translocations
 * Level 5.0 Fire Magic
 * Level 2.8 Air Magic


You had 4 spell levels left.
You knew the following spells:

 Your Spells              Type           Power      Damage    Failure   Level
a - Foxfire               Conj/Fire      64%        2x1d7     3%          1
b - Scorch                Fire           42%        2d7       3%          2
c - Kindle Blastsparks    Fire/Tloc/Air  32%        2d12      11%         3
d - Inner Flame           Hex/Fire       17%        N/A       10%         3

Your spell library contained the following spells:

 Spells                   Type           Power      Damage    Failure   Level
 Magic Dart               Conj           44%        1d5       6%          1
 Searing Ray              Conj           22%        2d5       9%          2
 Poisonous Vapours        Pois/Air       16%        N/A       13%         2
 Cigotuvi's Dreadful Rot  Necr/Pois/Air  12%        N/A       16%         2
 Mephitic Cloud           Conj/Pois/Air  9%         N/A       22%         3
 Flame Wave               Conj/Fire      16%        2d7       32%         4
 Fulminant Prism          Conj/Hex       6%         3d7       47%         4


Dungeon Overview and Level Annotations

Branches:
Dungeon (6/15)
 Temple: D:4-7

Altars:
Gozag
Ru
Uskayaw

Annotations:
D:4 1 runed translucent door, KarmaKiller's ghost, amateur GrFi


Innate Abilities, Weirdness & Mutations

You have hoof-like feet.
You sometimes emit foul miasma when damaged in melee.
You have a tail ending in a sharp stinger.


Message History

You kick the orc priest, but do no damage.
The orc priest is lightly wounded.
The orc priest invokes the aid of Beogh against you.
Pain shoots through your body!
Unknown command.
Casting: Foxfire (safe; 3% risk of failure)
Confirm with . or Enter, or press ? or * to list all spells.
You conjure some foxfire!
The orc priest closely misses you.
Casting: Foxfire (safe; 3% risk of failure)
Confirm with . or Enter, or press ? or * to list all spells.
Flames lash the orc priest.
The orc priest is heavily wounded.
The orc priest's fire resistance burns away.
The foxfire hits the orc priest but does no damage.
The orc priest is heavily wounded.
The foxfire hits the orc priest.
The orc priest is burned terribly!
The orc priest is severely wounded.
Unknown command.
Casting: Scorch (safe; 3% risk of failure)
Confirm with . or Enter, or press ? or * to list all spells.
You conjure some foxfire!
You hear the slow rusting of a very distant drain.
The orc priest invokes the aid of Beogh against you.
Beogh smites you! The orc warrior closely misses you.
Unknown command.
You hit the orc priest but do no damage.
You tail-slap the orc priest.
You kill the orc priest!
The foxfire hits the orc warrior but does no damage.
The foxfire hits the orc warrior.
The orc warrior is lightly wounded.
The orc warrior hits you with a +0 battleaxe!
* * * LOW HITPOINT WARNING * * *
The orc warrior attacks as you move away!
The orc warrior closely misses you.
The orc warrior attacks as you move away!
The orc warrior closely misses you.
The orc warrior attacks as you move away!
The orc warrior hits you with a +0 battleaxe!!
You die...

#.......# +.......#
##......<#
.........#
.........#
.........##########
..##+##..))....)..#
#...).......#
+..@....)...#
#..o.....$..#
#...........#
#....)......#
.......)#######
......$..#
.........#
.........#
.........#


You could see an orc warrior.

Vanquished Creatures
  An orc warrior (D:5)
  An ice beast (D:6)
  A black bear (D:5)
  A centaur (D:6)
  3 scorpions (D:5)
  A howler monkey (D:5)
  2 jellies
  3 hounds
  2 orc priests
  3 iguanas
  4 orc wizards
  2 gnolls
  5 adders
  A shadow imp (D:3)
  2 worms
  2 dart slugs
  14 orcs
  9 ball pythons
  9 endoplasms
  4 giant cockroaches
  5 goblins
  6 hobgoblins
  11 jackals
  3 quokkas
  9 bats
  3 frilled lizards
  12 kobolds
  3 rats
122 creatures vanquished.

Vanquished Creatures (collateral kills)
  3 foxfires
3 creatures vanquished.

Vanquished Creatures (others)
  An orc wizard (D:5)
  196 foxfires
  8 plants
205 creatures vanquished.

Grand Total: 330 creatures vanquished

Notes
Turn   | Place    | Note
-------+----------+-------------------------------------------
     0 | D:1      | Ekaitz the Demonspawn Fire Elementalist began the quest for
                  | the Orb.
     0 | D:1      | Reached XP level 1. HP: 13/13 MP: 3/3
   232 | D:1      | Reached skill level 3 in Fire Magic
   232 | D:1      | Gained mutation: You may rarely emit foul miasma when
                  | damaged in melee. [demonic ancestry]
   232 | D:1      | Reached XP level 2. HP: 18/19 MP: 1/5
  1241 | D:1      | Learned a level 2 spell: Scorch
  1244 | D:1      | Reached XP level 3. HP: 14/25 MP: 6/6
  1611 | D:2      | Found a faded altar of an unknown god.
  1732 | D:2      | Reached skill level 1 in Fighting
  1732 | D:2      | Discovered your monstrous ancestry.
  1732 | D:2      | Gained mutation: You have a small tail. [demonic ancestry]
  1732 | D:2      | Reached XP level 4. HP: 28/32 MP: 2/7
  1970 | D:2      | Identified the +5 morningstar of the Whale {holy, +Blink
                  | Will++ Int+4 Dex+3}
  2227 | D:2      | Learned a level 3 spell: Kindle Blastsparks
  2734 | D:3      | Reached skill level 1 in Short Blades
  3095 | D:3      | Found a sacrificial altar of Ru.
  3420 | D:3      | Gained mutation: You sometimes emit foul miasma when
                  | damaged in melee. [demonic ancestry]
  3420 | D:3      | Reached XP level 5. HP: 26/37 MP: 8/8
  3937 | D:4      | Reached skill level 1 in Translocations
  4028 | D:4      | Found a runed translucent door.
  4029 | D:4      | Noticed KarmaKiller's ghost (amateur GrFi)
  4050 | D:4      | Reached skill level 1 in Air Magic
  4318 | D:4      | Learned a level 3 spell: Inner Flame
  4462 | D:4      | Found a hide-covered altar of Uskayaw.
  4488 | D:4      | Gained mutation: You have a tail ending in a sharp stinger.
                  | [demonic ancestry]
  4488 | D:4      | Reached XP level 6. HP: 15/43 MP: 0/9
  4607 | D:4      | Found an opulent altar of Gozag.
  4774 | D:5      | Entered Level 5 of the Dungeon
  4781 | D:5      | Reached skill level 4 in Fire Magic
  4972 | D:5      | Reached skill level 1 in Hexes
  4975 | D:5      | Gained mutation: You have large cloven feet. [demonic
                  | ancestry]
  4975 | D:5      | Reached XP level 7. HP: 33/48 MP: 1/11
  6060 | D:6      | Gained mutation: You have hoof-like feet. [demonic
                  | ancestry]
  6060 | D:6      | Reached XP level 8. HP: 46/55 MP: 1/13
  6079 | D:6      | Reached skill level 5 in Fire Magic
  6087 | D:6      | Mangled by an orc warrior

Illustrated notes

Levels and vault maps discovered:
D:1:      tarquinn_simple_flora_water_f, layout_basic, nicolae_grassy_gnolls
D:2:      minmay_diamond_boxcup, layout_loops_cross,
          shapermc_ecumenical_altar_ellora, dk_noncrumbling_2
D:3:      kb_forest_paths, layout_basic, mainiacjoe_overflow_alcove_4,
          mainiacjoe_overflow_surrounded_room
D:4:      layout_basic, mainiacjoe_overflow_chevrons, kennysheep_little_box,
          hellmonk_ghost_happy_afterlife, minmay_misc_feat_five
D:5:      layout_basic
D:6:      layout_gridville, general_overflow_altar,
          lemuel_coloured_pillars_altar, minmay_temple_entry_sparse_star,
          portal_sewer_entry_c, minmay_fire_ice_demons

Skill      XL: |  1  2  3  4  5  6  7  8 |
---------------+-------------------------+-----
Fire Magic     | 3 4 5 |  5.0
Stealth        | 2 3 |  3.2
Fighting       | 1 |  1.8
Dodging        | 2 |  2.3
Short Blades   | 1 2 |  2.0
Translocations | 1 2 |  2.8
Air Magic      | 1 2 |  2.8
Conjurations   | 2 |  2.4
Hexes          | 1 2 |  2.7
Spellcasting   | 3 |  3.4

Action                   |  1- 3 |  4- 6 |  7- 9 || total
-------------------------+-------+-------+-------++-------
Melee: Short sword       |    43 |    82 |       ||   125
       Unarmed           |     1 |       |       ||     1
       Tailslap          |       |    11 |     8 ||    19
       Dagger            |       |    29 |    40 ||    69
       Punch             |       |     3 |     1 ||     4
       Kick              |       |       |    16 ||    16
 Cast: Foxfire           |    43 |    53 |    17 ||   113
       Scorch            |     3 |     7 |     5 ||    15
       Kindle Blastspark |       |     2 |     5 ||     7
 Stab: Sleeping          |     3 |     4 |     1 ||     8
       Distracted        |     1 |       |       ||     1
Armor: Robe              |    13 |    25 |     6 ||    44
Dodge: Dodged            |    39 |    74 |    31 ||   144

Table legend: (Time is in decaauts)
 A = Elapsed time spent in this place.
 B = Non-inter-level travel time spent in this place.
 C = Inter-level travel time spent in this place.
 D = Time resting spent in this place.
 E = Time spent auto-exploring this place.
 F = Levels seen in this place.
 G = Mean time per level.
                   A        B        C        D        E       F      G
               +--------+--------+--------+--------+--------+-----+--------+
         Total |   6077 |   5793 |    284 |    171 |   4624 |   6 | 1012.8 |
       Dungeon |   6077 |   5793 |    284 |    171 |   4624 |   6 | 1012.8 |
               +--------+--------+--------+--------+--------+-----+--------+

Top non-repeatable levels by time:
     D:1: 1416 daAuts
     D:4: 1205 daAuts
     D:5: 1146 daAuts
     D:2: 1131 daAuts
     D:3: 1123 daAuts
     D:6: 54 daAuts
